 Dungeon Sprint DCSS version 0.26.1-2-gb8aa6d0cf2 (webtiles) character file.

Game seed: 2915233031672005126

8869 Groucho the Imperceptible (level 11, -7/56 HPs)
             Began as a Spriggan Berserker on Mar 19, 2021.
             Was a High Priest of Trog.
             Killed by divine providence
             ... invoked by a meliai
              (14 damage)
             ... in the Dungeon (Sprint I: "Red Sonja").
             The game lasted 00:07:54 (3249 turns).

Groucho the Imperceptible (Spriggan Berserker)      Turns: 3249, Time: 00:07:54

Health: -7/56      AC:  3    Str: 13    XL:     11   Next: 15%
Magic:  12/12      EV: 34    Int: 13    God:    Trog [*****.]
Gold:   502        SH:  0    Dex: 18    Spells: 10/10 levels left

rFire    + . .     SeeInvis +   m - +2 rapier
rCold    . . .     Faith    .   (shield restricted)
rNeg     . . .     Spirit   .   b - +0 animal skin
rPois    +         Reflect  .   o - +1 hat {Int+3}
rElec    .         Harm     .   (no cloak)
rCorr    .         Rampage  .   (gloves unavailable)
Will     +....     NoTele   +   (boots unavailable)
Stlth    +++++++++.             (no amulet)
HPRegen  0.18/turn              u - ring of poison resistance
MPRegen  0.13/turn              v - ring of protection from fire

@: very quick
A: very small, unfitting armour, see invisible, speed 3
a: Renounce Religion, Berserk, Trog's Hand, Brothers in Arms


You were in the Dungeon.
You worshipped Trog.
Trog was extremely pleased with you.
You visited 1 branch You collected 1172 gold pieces.
You spent 670 gold pieces at shops.

Inventory:

Hand Weapons
 a - a +0 short sword
 m - a +2 rapier (weapon)
 s - a +1 short sword of venom
Missiles
 r - 17 poisoned darts
 t - 5 curare-tipped darts
Armour
 b - a +0 animal skin (worn)
 o - a +1 hat of intelligence (worn)
 p - a cursed +0 buckler
Jewellery
 q - a cursed -4 ring of protection {unknown}
 u - a ring of poison resistance (left hand)
 v - a ring of protection from fire (right hand)
Wands
 i - a wand of random effects (13)
Scrolls
 j - 2 scrolls of magic mapping {unknown}
 k - 2 scrolls of identify {unknown}
Potions
 c - a potion of curing
 d - a potion of heal wounds
 e - a potion of haste
 f - 2 potions of magic
 g - a potion of berserk rage
 h - a potion of mutation {unknown}
 l - a potion of attraction {unknown}
 w - a potion of lignification {unknown}
Miscellaneous
 n - a box of beasts


   Skills:
 + Level 6.3 Fighting
 - Level 14.0 Short Blades
 + Level 18.3 Dodging
 + Level 24.2 Stealth
 + Level 4.6 Shields


You had 10 spell levels left.
You didn't know any spells.
Your spell library was empty.

Dungeon Overview and Level Annotations

Branches:
Dungeon (1/1)

Altars:
Cheibriados
Dithmenos
Elyvilon
Fedhas
Gozag
Hepliaklqana
Kikubaaqudgha
Makhleb
Nemelex Xobeh
Okawaru
Qazlal
Ru
Sif Muna
Trog
Uskayaw
Vehumet
Wu Jian
Xom
Yredelemnul
Zin
The Shining One
Jiyva
Lugonu

Shops:
D =:[:(!*[**?[:(([:


Innate Abilities, Weirdness & Mutations

You are very small and have problems with some larger weapons.
You are too small for most types of armour.
You have supernaturally acute eyesight. (SInv)
You cover ground extremely quickly.


Message History

You see here 27 gold pieces.
You now have 394 gold pieces (gained 27).
You see here 27 gold pieces.
You now have 421 gold pieces (gained 27).
You see here 27 gold pieces.
You now have 448 gold pieces (gained 27).
The meliai invokes the aid of its god against you.
Something smites you!
You see here 27 gold pieces.
You now have 475 gold pieces (gained 27).
The meliai calls down the wrath of its god upon you.
Something smites you!
You see here 27 gold pieces.
You now have 502 gold pieces (gained 27).
The meliai invokes the aid of its god against you.
Something smites you!
* * * LOW HITPOINT WARNING * * *
The meliai invokes the aid of its god against you.
Something smites you!
You die...

###################
#__#..'..)#..#§§§.+
'..'..#)§.##'#.####
#__####.§.§§.#.#.###
####§.#####..'.#'#.###
#≈≈≈§§#..##'####^..#y#
§§≈≈§§§..#...○☼#...###
#§§§§§#§.#..○°°°@...$#
##+#####'###°°○#^....#
#..([###.'.#^..###++##
##'###.###.#..##
.....'.∩##§#○.#
##########§##+#
#....§..##§#
#.....§†§§§#
#'''######§#


You could see a meliai.

Vanquished Creatures
  A lorocyproca (D)
  2 centaur warriors (D)
  Sonja (D)
  A deep troll (D)
  2 unseen horrors (D)
  A lindwurm (D)
  An oklob plant (D)
  A gargoyle (D)
  A kobold demonologist (D)
  4 demonic crawlers (D)
  A hornet (D)
  A slime creature (D)
  2 redbacks (D)
  A yak (D)
  Sigmund (D)
  2 floating eyes (D)
  7 necrophages (D)
  An ogre (D)
  8 jellies (D)
  Ijyb (D)
40 creatures vanquished.

Vanquished Creatures (collateral kills)
  A kobold demonologist (D)
1 creature vanquished.

Vanquished Creatures (others)
  A gargoyle (D)
1 creature vanquished.

Grand Total: 42 creatures vanquished

Notes
Turn   | Place    | Note
-------+----------+-------------------------------------------
     0 | D        | Groucho the Spriggan Berserker began the quest for the Orb.
     0 | D        | Reached XP level 1. HP: 11/11 MP: 2/2
     1 | D        | Noticed Ijyb
    13 | D        | Killed Ijyb
    14 | D        | Reached skill level 8 in Stealth
    14 | D        | Reached XP level 2. HP: 16/16 MP: 3/3
    65 | D        | Noticed an ogre
    74 | D        | Killed an ogre
    75 | D        | Reached skill level 13 in Stealth
    75 | D        | Reached XP level 3. HP: 19/19 MP: 4/4
    75 | D        | Reached XP level 4. HP: 23/23 MP: 5/5
   138 | D        | Killed a gargoyle
   371 | D        | Noticed Sigmund
   373 | D        | Killed Sigmund
   373 | D        | Reached ** piety under Trog
   374 | D        | Reached skill level 17 in Stealth
   374 | D        | Reached XP level 5. HP: 27/27 MP: 6/6
   395 | D        | Found a shimmering blue altar of Sif Muna.
   396 | D        | Found an ornate altar of the Wu Jian Council.
   397 | D        | Found a radiant altar of Vehumet.
   429 | D        | Reached skill level 5 in Dodging
   429 | D        | Reached XP level 6. HP: 32/32 MP: 7/7
   704 | D        | Found Oqoesh's Book Emporium.
   704 | D        | Found an ancient bone altar of Kikubaaqudgha.
   704 | D        | Found a hazy altar of Hepliaklqana.
   704 | D        | Found a stormy altar of Qazlal.
   704 | D        | Found a hide-covered altar of Uskayaw.
   704 | D        | Found a blossoming altar of Fedhas.
   704 | D        | Found a bloodstained altar of Trog.
   704 | D        | Found an iron altar of Okawaru.
   704 | D        | Found a basalt altar of Yredelemnul.
   704 | D        | Found a glowing golden altar of the Shining One.
   704 | D        | Found a snail-covered altar of Cheibriados.
   704 | D        | Found a sacrificial altar of Ru.
   704 | D        | Found a glowing silver altar of Zin.
   704 | D        | Found a shadowy altar of Dithmenos.
   704 | D        | Found a white marble altar of Elyvilon.
   704 | D        | Noticed a yak
   705 | D        | Found an opulent altar of Gozag.
   706 | D        | Killed a yak
   707 | D        | Reached skill level 5 in Short Blades
   707 | D        | Reached skill level 18 in Stealth
   707 | D        | Found a sparkling altar of Nemelex Xobeh.
   725 | D        | Found a burning altar of Makhleb.
   725 | D        | Found a shimmering altar of Xom.
   725 | D        | Noticed a slime creature
   726 | D        | Found a viscous altar of Jiyva.
   726 | D        | Found a corrupted altar of Lugonu.
   728 | D        | Killed a slime creature
   728 | D        | Reached *** piety under Trog
   729 | D        | Reached XP level 7. HP: 35/35 MP: 8/8
   753 | D        | Noticed a centaur warrior
   753 | D        | Noticed a centaur warrior
   754 | D        | Killed a centaur warrior
   755 | D        | Reached skill level 20 in Stealth
   755 | D        | Reached XP level 8. HP: 39/39 MP: 9/9
   755 | D        | Killed a centaur warrior
   756 | D        | Reached skill level 10 in Short Blades
   766 | D        | Noticed a hornet
   782 | D        | Killed a hornet
   783 | D        | Reached skill level 21 in Stealth
   783 | D        | Reached XP level 9. HP: 29/43 MP: 10/10
  1111 | D        | Noticed an oklob plant
  1113 | D        | Killed an oklob plant
  1113 | D        | Reached **** piety under Trog
  1366 | D        | Reached skill level 15 in Dodging
  1631 | D        | Noticed an unseen horror
  1632 | D        | Noticed an unseen horror
  1652 | D        | Killed an unseen horror
  1653 | D        | Reached skill level 22 in Stealth
  1693 | D        | Killed an unseen horror
  1694 | D        | Reached XP level 10. HP: 47/47 MP: 11/11
  1697 | D        | Reached ***** piety under Trog
  1701 | D        | Received a gift from Trog
  1809 | D        | Reached skill level 23 in Stealth
  1820 | D        | Received a gift from Trog
  1846 | D        | Found Coceysie's Book Shoppe.
  1846 | D        | Found Melextye's Armour Shop.
  1846 | D        | Found Awoxku's Antique Weapon Boutique.
  1848 | D        | Found Yliyluv's Distillery.
  1848 | D        | Found Qempah's Assorted Antiques.
  1848 | D        | Found Eraugeon's Armour Shoppe.
  1848 | D        | Found Xarch's General Store.
  1848 | D        | Found Ituy's Assorted Antiques.
  1848 | D        | Found Guenoob's Magic Scroll Shop.
  1848 | D        | Found Nateiggo's Antique Armour Shoppe.
  1864 | D        | Bought a +1 hat of intelligence for 160 gold pieces
  1864 | D        | Bought a cursed +0 buckler for 15 gold pieces
  1866 | D        | Found Ynkivu's Book Boutique.
  1867 | D        | Found Waix's Antique Weapon Emporium.
  1867 | D        | Found Viveca's Antique Weapon Boutique.
  1868 | D        | Found Lyzem's Book Emporium.
  1931 | D        | Noticed a deep troll
  1946 | D        | Killed a deep troll
  1947 | D        | Reached skill level 1 in Shields
  1982 | D        | Found Tunesh's Armour Emporium.
  2237 | D        | Noticed Sonja
  2240 | D        | Killed Sonja
  2257 | D        | Found Ugashreyv's Jewellery Boutique.
  2265 | D        | Bought an uncursed ring of poison resistance for 220 gold
                  | pieces
  2265 | D        | Bought an uncursed ring of protection from fire for 275
                  | gold pieces
  2310 | D        | Noticed a rust devil
  2393 | D        | Reached skill level 5 in Fighting
  2403 | D        | Received a gift from Trog
  2842 | D        | Noticed a lindwurm
  2844 | D        | Killed a lindwurm
  2845 | D        | Reached XP level 11. HP: 56/56 MP: 12/12
  2861 | D        | Reached skill level 24 in Stealth
  2865 | D        | Noticed a lorocyproca
  2893 | D        | Killed a lorocyproca
  3249 | D        | Killed from afar by a meliai

Illustrated notes

Levels and vault maps discovered:
D:        dungeon_sprint_1 [red_sonja_temple_1, red_sonja_temple_small_1]

Skill      XL: |  1  2  3  4  5  6  7  8  9 10 11 |
---------------+----------------------------------+-----
Stealth        | 8 13 17 18 20 21 22 23 24 | 24.2
Dodging        | 5 9 11 13 16 17 18 | 18.3
Short Blades   | 7 9 11 12 14 | 14.0
Fighting       | 5 6 |  6.3
Shields        | 3 4 |  4.6

Action                   |  1- 3 |  4- 6 |  7- 9 | 10-12 || total
-------------------------+-------+-------+-------+-------++-------
Melee: Short sword       |     8 |     5 |    39 |    44 ||    96
       Rapier            |       |       |       |    83 ||    83
Invok: Berserk           |     2 |     1 |     4 |     6 ||    13
       Trog's Hand       |       |       |     1 |     4 ||     5
       Brothers in Arms  |       |       |       |     3 ||     3
  Use: Scroll            |       |       |     1 |       ||     1
 Stab: Sleeping          |       |     3 |     5 |    10 ||    18
Armor: Animal skin       |       |       |     2 |     5 ||     7
Dodge: Dodged            |     3 |     2 |    21 |   109 ||   135
